 Dungeon Crawl Stone Soup version 0.27.1-33-g824d729ab1 (webtiles) character file.

Game seed: 14218886758695934090

404 lordive the Chopper (level 6, -14/53 HPs)
             Began as a Hill Orc Monk on Dec 27, 2021.
             Demolished by an ogre (30 damage)
             ... on level 5 of the Dungeon.
             The game lasted 00:06:42 (5136 turns).

lordive the Chopper (Hill Orc Monk)                 Turns: 5136, Time: 00:06:43

Health: -14/53     AC:  7    Str: 16    XL:     6   Next: 86%
Magic:  7/7        EV: 11    Int: 10    God:
Gold:   163        SH:  5    Dex: 13    Spells: 3/6 levels left

rFire    . . .     SeeInvis .   u - +1 demon blade (flame)
rCold    . . .     Faith    .   (no shield)
rNeg     . . .     Spirit   .   b - +0 ring mail
rPois    .         Reflect  +   l - +0 helmet
rElec    .         Harm     .   (no cloak)
rCorr    .         Rampage  .   h - +0 pair of gloves
Will     .....                  (no boots)
Stlth    +.........             d - amulet of reflection
HPRegen  0.17/turn              (no ring)
MPRegen  0.10/turn              (no ring)

@: no status effects
A: no striking features
a: no special abilities


You were on level 5 of the Dungeon.
You visited 1 branch of the dungeon, and saw 5 of its levels.

You collected 163 gold pieces.

Inventory:

Hand Weapons
 u - a +1 demon blade of flaming (weapon)
Armour
 b - a +0 ring mail (worn)
 h - a +0 pair of gloves (worn)
 l - a +0 helmet (worn)
 s - a +0 leather armour
Jewellery
 d - an amulet of reflection (around neck)
 k - a ring of willpower
Wands
 a - a wand of acid (8)
 p - a wand of digging (3)
 q - a wand of flame (23)
Scrolls
 c - 2 scrolls of teleportation {unknown}
 e - 2 scrolls of enchant armour {unknown}
 f - 3 scrolls of identify {unknown}
 g - a scroll of holy word {unknown}
 i - 3 scrolls of vulnerability {unknown}
 m - 2 scrolls of noise {unknown}
Potions
 j - a potion of invisibility {unknown}
 n - a potion of mutation {unknown}
 o - a potion of curing
 r - a potion of degeneration {unknown}
 t - a potion of flight {unknown}


   Skills:
 + Level 4.4 Fighting
 + Level 6.4 Axes
 + Level 0.2 Armour
 + Level 3.5 Dodging
 + Level 2.7 Stealth
 + Level 1.1 Shields
 * Level 0.8 Spellcasting
 * Level 1.3 Hexes
 * Level 1.1 Air Magic


You had 3 spell levels left.
You knew the following spells:

 Your Spells              Type           Power      Damage    Failure   Level
a - Swiftness             Air            2%         N/A       77%         3

Your spell library contained the following spells:

 Spells                   Type           Power      Damage    Failure   Level
 Sting                    Tmut/Pois      0%         1d3       56%         1
 Poisonous Vapours        Pois/Air       2%         N/A       63%         2
 Passwall                 Tmut/Erth      0%         N/A       71%         2
 Olgreb's Toxic Radiance  Pois           0%         N/A       100%        4
 Invisibility             Hex            1%         N/A       100%        6


Dungeon Overview and Level Annotations

Branches:
Dungeon (5/15)
 Temple: D:4-7

Altars:
Trog

Annotations:
D:3 2 transporters


Message History

The hound zombie is almost destroyed.
The hound zombie closely misses you.
An orc comes into view.
It is wielding a +0 falchion and carrying a wand of acid (8).
You hit the hound zombie. You burn the hound zombie.
You destroy the hound zombie!
Your Air Magic skill increases to level 1!
Items here: ))) [[ ††.
The orc misses you.
You riposte.
You slash the orc! You burn the orc.
You kill the orc!
a - a wand of acid (8)
Things that are here:
a +0 falchion; a +0 leather armour; an orc corpse
Things that are here:
a +0 falchion; a +0 leather armour; an orc corpse
Items here: ))) [[ ††.
You start resting.
An ogre comes into view. It is wielding a +0 giant spiked club.
An ogre is nearby!
Items here: ))) [[ ††.
Things that are here:
a +0 short sword; an orc corpse
There is a stone staircase leading up here.
You climb upwards.
There is a stone staircase leading down here.
You start resting.
HP restored.
Done exploring.
You climb downwards.
There is a stone staircase leading up here.
The ogre shouts!
The ogre hits you with a +0 giant spiked club!
You hit the ogre. You burn the ogre.
The ogre is lightly wounded.
The ogre hits you with a +0 giant spiked club!!
* * * LOW HITPOINT WARNING * * *
Your ring mail prevents you from hitting the ogre.
The ogre is lightly wounded.
The ogre hits you with a +0 giant spiked club!!
Ouch! That really hurt!
You die...

. .. #..
######### #...###
#...<...#
#.#....##.#####.#
#......#.#####.#
#.O@.....##.#
#....#.##.##)#
####...##.##.#
..#.##.##.#
..##..).)..# ..#
##...#### ..#
#...# ..# #...#
##.##


You could see an ogre.

Vanquished Creatures
  A necrophage (D:4)
  A bullfrog (D:3)
  A scorpion (D:4)
  An orc wizard (D:5)
  A hound zombie (D:5)
  A gnoll (D:1)
  7 adders
  2 adder skeletons (D:4)
  A worm (D:2)
  2 dart slugs (D:2)
  9 orcs
  3 ball pythons
  2 endoplasms
  2 giant cockroaches
  5 goblins
  4 hobgoblins
  9 kobolds
  4 quokkas
  7 bats
  2 frilled lizards
  3 rats
68 creatures vanquished.

Vanquished Creatures (others)
  15 plants (D:1)
15 creatures vanquished.

Grand Total: 83 creatures vanquished

Notes
Turn   | Place    | Note
-------+----------+-------------------------------------------
     0 | D:1      | lordive the Hill Orc Monk began the quest for the Orb.
     0 | D:1      | Reached XP level 1. HP: 19/19 MP: 1/1
   630 | D:1      | Reached XP level 2. HP: 25/27 MP: 2/2
   839 | D:1      | Reached XP level 3. HP: 17/33 MP: 3/3
  1950 | D:2      | Reached skill level 5 in Axes
  2064 | D:2      | Reached XP level 4. HP: 40/40 MP: 4/4
  2210 | D:2      | Found a bloodstained altar of Trog.
  2241 | D:2      | HP: 2/40 [poisoned by an adder]
  2623 | D:3      | Found a transporter.
  2741 | D:3      | Found a transporter.
  3114 | D:3      | Noticed a bullfrog
  3123 | D:3      | Killed a bullfrog
  3124 | D:3      | Reached XP level 5. HP: 34/46 MP: 5/5
  3457 | D:3      | Found a faded altar of an unknown god.
  3533 | D:3      | Learned a level 3 spell: Swiftness
  3805 | D:4      | Reached skill level 6 in Axes
  4065 | D:4      | Noticed a necrophage
  4078 | D:4      | Killed a necrophage
  4079 | D:4      | Reached XP level 6. HP: 50/53 MP: 6/6
  4148 | D:4      | Reached skill level 1 in Shields
  4436 | D:4      | Reached skill level 1 in Hexes
  4902 | D:5      | Entered Level 5 of the Dungeon
  4971 | D:5      | Reached skill level 1 in Air Magic
  5136 | D:5      | Demolished by an ogre

Illustrated notes

Levels and vault maps discovered:
D:1:      heliophobic_arrival_battle_scene, layout_basic,
          lexackson_kobold_supper
D:2:      minmay_evil_eye, layout_loops_cross, basic_altar
D:3:      gammafunk_steamed_eel, layout_basic, ebering_ecumenical_altar_rust,
          moated_statue, grunt_decor_junction, grunt_ministairs_8
D:4:      layout_basic
D:5:      layout_loops_corners, nicolae_qazlal_eye_of_the_storm,
          minmay_temple_entry_arrows

Skill      XL: |  1  2  3  4  5  6 |
---------------+-------------------+-----
Fighting       | 4 |  4.4
Axes           | 5 6 |  6.4
Dodging        | 3 |  3.5
Stealth        | 2 |  2.7
Shields        | 1 |  1.1
Hexes          | 1 |  1.3
Air Magic      | 1 |  1.1
Armour         | |  0.2
Spellcasting   | |  0.8

Action                   |  1- 3 |  4- 6 || total
-------------------------+-------+-------++-------
Melee: Hand axe          |   104 |   173 ||   277
       Demon blade       |       |    43 ||    43
  Use: Potion            |       |     3 ||     3
 Stab: Distracted        |     1 |     2 ||     3
       Sleeping          |     3 |     2 ||     5
Armor: Robe              |    21 |    25 ||    46
       Ring mail         |       |    24 ||    24
       Leather armour    |       |     1 ||     1
Dodge: Dodged            |    61 |   108 ||   169
Block: Other             |       |    32 ||    32
       Rpst.: Demon blade |       |     2 ||     2
